AoeStats
← [Massa] Edo

Arena

505262599Analyzed
2v2 RM · 23d ago on Sep 8, 2026· 53m 30s· 4 players
Game mode
Random Map
Map size
Medium (4 player)
Population
200
Speed
Normal
Resources
Standard
Victory
Conquest
Starting age
Dark Age
Ending age
Imperial Age
RankedLock teamsTeams togetherTeam positionsShared explorationLock speedFull tech treeHidden civsTurbo modeCheats
Victory
Defeat
🇧🇷 Vikings · Brazil
1466
+14
🇧🇷 Aztecs · Brazil
1423
+16
1492
-18
🇻🇳 Romans · Vietnam
1352
-12
TanLN
10:22 Feudal Age
14:47 Castle Age
13:03 Double-Bit Axe
13:16 Horse Collar
15:11 Wheelbarrow
14:42 Gold Mining
16:32 Bow Saw
16:30 Heavy Plow
18:27 Scale Mail Armor
18:32 Man-at-Arms
19:46 Squires
19:23 Long Swordsman
23:41 Padded Archer Armor
24:00 Chain Mail Armor
27:37 Gold Shaft Mining
31:16 Imperial Age
29:09 Hand Cart
29:29 Forging
29:07 Loom
29:37 Hand Cart
31:36 Capped Ram
32:35 Stone Mining
34:10 Iron Casting
33:54 Heavy Scorpion
36:31 Chemistry
35:51 Ballistics
39:55 Legionary
43:24 Ballistas
45:24 Blast Furnace
47:37 Siege Engineers
Nhà vô địt Chow 007
10:21 Feudal Age
9:16 Loom
17:46 Castle Age
16:12 Horse Collar
17:48 Double-Bit Axe
17:57 Stone Mining
22:13 Scale Barding Armor
22:11 Scale Mail Armor
22:22 Forging
25:00 Gold Mining
25:13 Heavy Plow
30:47 Wheelbarrow
30:40 Chain Mail Armor
31:14 Grand Trunk Road
36:40 Imperial Age
35:34 Hand Cart
35:37 Padded Archer Armor
36:00 Caravan
37:19 Leather Archer Armor
38:34 Chemistry
38:57 Ring Archer Armor
[Massa] Edo
5:35 Loom
8:21 Feudal Age
9:03 Double-Bit Axe
11:13 Horse Collar
12:01 Fletching
21:03 Castle Age
20:02 Gold Mining
20:03 Stone Mining
22:16 Bow Saw
22:07 Heavy Plow
22:44 Gold Shaft Mining
24:30 Scale Mail Armor
27:42 Chain Mail Armor
28:21 Squires
29:47 Forging
30:49 Chieftains
32:08 Iron Casting
34:07 Imperial Age
32:33 Iron Casting
32:37 Chieftains
34:41 Bodkin Arrow
35:19 Plate Mail Armor
35:49 Blast Furnace
35:11 Conscription
34:16 Elite Berserk
35:53 Bodkin Arrow
37:14 Crossbowman
37:14 Elite Skirmisher
38:19 Ballistics
39:00 Chemistry
38:16 Arbalester
40:24 Bracer
40:24 Padded Archer Armor
40:32 Siege Engineers
40:23 Murder Holes
40:39 Masonry
40:09 Treadmill Crane
45:53 Architecture
46:07 Leather Archer Armor
47:49 Coinage
51:15 Banking
50:21 Onager
tg
11:29 Feudal Age
15:10 Castle Age
13:27 Double-Bit Axe
13:23 Horse Collar
15:26 Eagle Warrior
16:13 Scale Mail Armor
17:01 Bow Saw
19:20 Heavy Plow
29:07 Gold Mining
29:55 Wheelbarrow
31:08 Loom
39:01 Hand Cart
40:51 Arson
45:12 Imperial Age
44:05 Gold Shaft Mining
43:20 Stone Mining
44:44 Chain Mail Armor
45:25 Forging
46:14 Stone Shaft Mining
46:57 Crop Rotation
48:06 Plate Mail Armor
47:03 Onager
47:37 Town Watch
48:09 Siege Engineers
51:06 Chemistry
50:27 Ballistics
50:09 Treadmill Crane
52:14 Iron Casting
52:01 Conscription
52:35 Siege Onager
Connection lost

Rejoining the realm…

Still unreachable

The connection could not be restored.

Session expired

The server has moved on; the page needs a fresh start.